 Dungeon Crawl Stone Soup version 0.31-a0-233-g139696dc86 (webtiles) character file.

Game seed: 17839113199996728595

87 qw the Shooter (level 4, 0/26 HPs)
             Began as a Gargoyle Hexslinger on July 9, 2023.
             Slain by an adder (3 damage)
             ... in a sewer.
             The game lasted 00:00:48 (2041 turns).

qw the Shooter (Gargoyle Hexslinger)                Turns: 2041, Time: 00:00:49

Health: 0/26       AC:  8    Str: 11 (12) XL:     4   Next: 51%
Magic:  5/5        EV: 10    Int: 11 (13) God:
Gold:   126        SH:  0    Dex: 12 (14) Spells: 4/5 levels left

rFire   . . .        Y - +1 sling
rCold   . . .        (no shield)
rNeg    + . .        j - +0 ring mail
rPois   inf          (no helmet)
rElec   +            (no cloak)
rCorr   .            (no gloves)
SInv    .            (no boots)
Will    .....        (no amulet)
Stlth   +            (no ring)
HPRegen 0.24/turn    (no ring)
MPRegen 0.09/turn

%: no passive effects
@: no status effects
A: sickness immunity, AC +3, negative energy resistance 1, electricity
resistance, torment resistance 1, petrification resistance
a: no special abilities


You were in a sewer.
You visited 1 branch of the dungeon, and saw 3 of its levels.
You also visited: Sewer.

You collected 150 gold pieces.
You spent 24 gold pieces at shops.


Innate Abilities, Weirdness & Mutations

You are immune to sickness and miasma.
Your stone body is resilient. (AC +3)
You are immune to poison.
You resist negative energy. (rN+)
You are resistant to electric shocks. (rElec)
You are resistant to unholy torment.
You are immune to petrification.


   Skills:
 - Level 2.0 Fighting
 + Level 4.1 Ranged Weapons
 - Level 1.0 Armour
 - Level 1.5 Dodging
 - Level 1.0 Spellcasting
 - Level 2.6 Hexes


You had 4 spell levels left.
You knew the following spells:

 Your Spells              Type           Power      Damage    Failure   Level
a - Slow                  Hex            24%        N/A       26%         1

Your spell library contained the following spells:

 Spells                   Type           Power      Damage    Failure   Level
 Inner Flame              Hex/Fire       3%         N/A       78%         3
 Portal Projectile        Hex/Tloc       6%         N/A       78%         3
 Cause Fear               Hex            3%         N/A       94%         4

Inventory:

Hand Weapons
 Y - a +1 sling (weapon)
Armour
 j - a +0 ring mail (worn)
Scrolls
 f - a scroll of identify
Potions
 a - a potion of resistance {unknown}
 b - a potion of might {unknown}
 c - a potion of attraction {unknown}
 e - a potion of mutation
 g - a potion of cancellation

Dungeon Overview and Level Annotations

Branches:
Dungeon (3/15)              Sewer (1/1)

Altars:

Shops:
D:1 ?


Message History

You shoot a sling bullet.
The sling bullet closely misses the adder.
The adder bites you but does no damage.
The jackal bites you but does no damage.
The adder barely misses you. The jackal closely misses you.
You shoot a sling bullet. The sling bullet hits the adder.
The adder is severely wounded.
The adder barely misses you.
The jackal bites you but does no damage.
The adder bites you. The jackal closely misses you.
You shoot a sling bullet.
The sling bullet closely misses the adder.
The adder bites you. The jackal barely misses you.
The adder bites you but does no damage.
You shoot a sling bullet.
The sling bullet closely misses the adder.
The jackal bites you but does no damage. x2
The adder barely misses you.
You shoot a sling bullet.
The sling bullet closely misses the adder.
The jackal closely misses you. The adder bites you but does no damage.
The jackal bites you but does no damage.
The adder barely misses you.
You shoot a sling bullet.
The sling bullet closely misses the adder.
The jackal closely misses you. The adder closely misses you.
The jackal bites you. The adder bites you but does no damage.
You shoot a sling bullet.
The sling bullet closely misses the adder.
The jackal barely misses you. The adder bites you but does no damage.
The jackal barely misses you. The adder bites you but does no damage.
You shoot a sling bullet. The sling bullet hits the adder.
The adder is almost dead.
The jackal bites you but does no damage.
The adder bites you but does no damage.
The jackal bites you but does no damage.
You shoot a sling bullet.
The sling bullet closely misses the adder.
The adder bites you.
You die...

#####
#.h@#
#..S%#
#.....\
#......#
#.....##
##....#
##..##
#..


You could see an adder and a jackal.

Vanquished Creatures
  3 adders
  A worm (Sewer)
  4 bats
  3 giant cockroaches (D:1)
  5 goblins
  5 hobgoblins
  8 jackals
  6 kobolds
  A quokka (D:1)
  5 ball pythons
  5 frilled lizards
  8 rats
54 creatures vanquished.

Notes
Turn   | Place    | Note
-------+----------+-------------------------------------------
     0 | D:1      | qw the Gargoyle Hexslinger began the quest for the Orb.
     0 | D:1      | Reached XP level 1. HP: 12/12 MP: 2/2
     0 | D:1      | 0 ||| qw: Version: 0.3-a-51-g015441d
     0 | D:1      | 0 ||| qw: Game counter: 3802
     0 | D:1      | 0 ||| qw: Melee chars always use a shield: true
     0 | D:1      | 0 ||| qw: God list: Okawaru
     0 | D:1      | 0 ||| qw: Allow faded altars: false
     0 | D:1      | 0 ||| qw: Do Orc after clearing Dungeon:15 true
     0 | D:1      | 0 ||| qw: Do second Lair branch before Depths: true
     0 | D:1      | 0 ||| qw: Lair rune preference: random
     0 | D:1      | 0 ||| qw: Goals: Normal
     0 | D:1      | 0 ||| PLANNING D:1-11
    29 | D:1      | 29 ||| FLEEEEING.
    66 | D:1      | Reached XP level 2. HP: 16/16 MP: 3/3
   210 | D:1      | Reached skill level 3 in Ranged Weapons
   469 | D:1      | Reached XP level 3. HP: 21/21 MP: 4/4
   496 | D:1      | Found Hopuxiukk's Magic Scroll Shoppe.
   508 | D:1      | 508 ||| SHOPLISTING scroll of enchant armour (90 gold, have
                  | 35).
   508 | D:1      | 508 ||| BUYING scroll of identify (24 gold).
   508 | D:1      | Bought a scroll of identify for 24 gold pieces
   508 | D:1      | 508 ||| SHOPLISTING scroll of identify (24 gold, have 11).
   508 | D:1      | 508 ||| SHOPLISTING scroll of teleportation (36 gold, have
                  | 11).
   828 | D:1      | 828 ||| UPGRADING to +0 leather armour.
   838 | D:1      | 838 ||| DROPPING +0 robe.
   839 | D:1      | 839 ||| READING 2 scrolls of identify.
   839 | D:1      | 839 ||| IDENTIFYING sedimented clear potion
   840 | D:1      | 840 ||| DROPPING scroll of poison.
  1441 | D:2      | Reached XP level 4. HP: 26/26 MP: 5/5
  1490 | D:2      | Reached skill level 4 in Ranged Weapons
  1675 | D:2      | 1675 ||| UPGRADING to +0 ring mail.
  1685 | D:2      | 1685 ||| DROPPING +0 leather armour.
  1686 | D:2      | 1686 ||| READING 2 scrolls labelled HIRUIRCH ONNYV.
  1687 | D:2      | 1687 ||| DRINKING 2 pink potions.
  1688 | D:2      | 1688 ||| DROPPING scroll of fear.
  1689 | D:2      | 1689 ||| DROPPING potion of degeneration.
  1707 | D:3      | 1707 ||| PLANNING SEWER
  1884 | D:3      | Reached skill level 1 in Armour
  1887 | D:3      | Found a glowing drain.
  1888 | D:3      | 1888 ||| DRINKING 2 black potions.
  1889 | D:3      | 1889 ||| DRINKING 2 bubbling brown potions.
  1994 | D:3      | 1994 ||| DROPPING potion of berserk rage.
  2007 | Sewer    | Entered a sewer
  2032 | Sewer    | HP: 6/26 [jackal (1)]
  2038 | Sewer    | HP: 2/26 [jackal (2)]
  2041 | Sewer    | Slain by an adder

Levels and vault maps discovered:
D:1:      mrwooster_arrival_statue, layout_basic, serial_shops,
          nicolae_shop_tiny_glass, minmay_tromino_v7
D:2:      layout_loops_corners
D:3:      layout_basic, portal_sewer_entry_d, hex_tiny
Sewer:    sewer_fruit_machine

Skill      XL: |  1  2  3  4 |
---------------+-------------+-----
Ranged Weapons | 3 4 |  4.1
Fighting       | 2 |  2.0
Armour         | 1 |  1.0
Dodging        | |  1.5
Spellcasting   | |  1.0
Hexes          | |  2.6

Action                     |  1- 3 |  4- 6 || total
---------------------------+-------+-------++-------
   Fire: Sling             |   139 |    69 ||   208
    Use: Scroll            |     1 |     1 ||     2
         Potion            |       |     3 ||     3
 Armour: Robe              |    21 |       ||    21
         Leather armour    |     1 |    11 ||    12
         Ring mail         |       |    51 ||    51
  Dodge: Dodged            |    61 |    71 ||   132

Table legend:
 A = Non-vault XP
 B = Vault XP
 C = Vault XP percentage of total XP
 D = Non-vault monster count
 E = Vault monster count
 F = Vault count percentage of total count
                 A         B        C        D         E       F
            +---------+---------+-------+---------+---------+-------
      Total |     100 |      25 |  20.0 |      48 |       6 |  11.1
            +---------+---------+-------+---------+---------+-------
        D:1 |      54 |       4 |   6.9 |      33 |       3 |   8.3
        D:2 |      43 |       0 |   0.0 |      13 |       0 |   0.0
        D:3 |       3 |      14 |  82.4 |       2 |       1 |  33.3
      Sewer |       0 |       7 | 100.0 |       0 |       2 | 100.0
            +---------+---------+-------+---------+---------+-------
